TOP OF THE 1ST |
Los Angeles Dodgers batting - Pitching for San Francisco Giants : RHP Curt Howland
|
Pitching: RHP Curt Howland
|
|
Batting: LHB Chris Ringwood
|
0-0: Called Strike 0-1: Called Strike 0-2: Ball 1-2: Fly out, F9 (Flyball, 9, EV 94.4 MPH)
|
Batting: RHB Tsutomu Irie
|
0-0: Called Strike 0-1: Swinging Strike 0-2: Ball 1-2: Ball 2-2: Strikes out swinging
|
Batting: LHB Bob Branham
|
0-0: Ground out 3-1 (Groundball, 34S, EV 86.3 MPH)
|
Top of the 1st over - 0 runs, 0 hits, 0 errors, 0 left on base; Los Angeles 0 - San Francisco 0 |
BOTTOM OF THE 1ST |
San Francisco Giants batting - Pitching for Los Angeles Dodgers : RHP Ray Scifo
|
Pitching: RHP Ray Scifo
|
|
Batting: RHB Jason May
|
0-0: Called Strike 0-1: Swinging Strike 0-2: Ball 1-2: Ball 2-2: Foul Ball, location: 2F 2-2: Foul Ball, location: 2F 2-2: Ball 3-2: SOLO HOME RUN (Flyball, 9LD, EV 94.4 MPH), Distance : 344 ft
|
Batting: LHB Willis Robles
|
0-0: Ball 1-0: Called Strike 1-1: Ground out 1-3 (Groundball, P, EV 65.0 MPH)
|
Batting: LHB Jack Henningar
|
0-0: Ball 1-0: Foul Ball, location: 2F 1-1: Ground out 4-3 (Groundball, 4, EV 109.4 MPH)
|
Batting: RHB Sean Zielinski
|
0-0: Ball 1-0: Ball 2-0: Ball 3-0: Foul Ball, location: 2F 3-1: Base on Balls
|
Batting: LHB John Blair
|
0-0: Ball 1-0: Called Strike Sean Zielinski steals 2nd base 1-1: Called Strike 1-2: Foul Ball, location: 2F 1-2: Ball 2-2: Ground out 6-3 (Groundball, 6, EV 86.9 MPH)
|
Bottom of the 1st over - 1 run, 1 hit, 0 errors, 1 left on base; Los Angeles 0 - San Francisco 1 |
TOP OF THE 2ND |
Los Angeles Dodgers batting - Pitching for San Francisco Giants : RHP Curt Howland
|
Batting: LHB Lirak Bazhunaishvili
|
0-0: Ball 1-0: Called Strike 1-1: Swinging Strike 1-2: Strikes out looking
|
Batting: RHB Clay Buchanan
|
0-0: Called Strike 0-1: Ball 1-1: Ball 2-1: Ball 3-1: SOLO HOME RUN (Flyball, 9D, EV 96.9 MPH), Distance : 371 ft
|
Batting: SHB Carlos Rodriguez
|
0-0: Called Strike 0-1: Foul Ball, location: 2F 0-2: SOLO HOME RUN (Flyball, 9LD, EV 92.5 MPH), Distance : 336 ft
|
Batting: LHB Ryan Taylor
|
0-0: Ball 1-0: Swinging Strike 1-1: Ball 2-1: Foul Ball, location: 2F 2-2: Strikes out looking
|
Batting: LHB Dalton Silveira
|
0-0: Fly out, F7 (Flyball, 7, EV 85.6 MPH)
|
Top of the 2nd over - 2 runs, 2 hits, 0 errors, 0 left on base; Los Angeles 2 - San Francisco 1 |
BOTTOM OF THE 2ND |
San Francisco Giants batting - Pitching for Los Angeles Dodgers : RHP Ray Scifo
|
Batting: RHB Tom Beckman
|
0-0: Ball 1-0: SINGLE (Line Drive, 89S, EV 95.0 MPH)
|
Batting: LHB Ryan Braden
|
0-0: Called Strike 0-1: Ball 1-1: Fly out, F9 (Flyball, 89M, EV 87.5 MPH)
|
Batting: SHB Bill Dooms
|
0-0: Called Strike 0-1: Foul Ball, location: 2F 0-2: Foul Ball, location: 2F 0-2: Foul Ball, location: 2F 0-2: Ball 1-2: Strikes out swinging
|
Batting: RHB Bobby Scholl
|
0-0: Fielders Choice at 2nd, 6-4 (Groundball, 6, EV 88.8 MPH)
|
Bottom of the 2nd over - 0 runs, 1 hit, 0 errors, 1 left on base; Los Angeles 2 - San Francisco 1 |
TOP OF THE 3RD |
Los Angeles Dodgers batting - Pitching for San Francisco Giants : RHP Curt Howland
|
Batting: RHB Edwin Soto
|
0-0: Ground out 5-3 (Groundball, 56, EV 90.6 MPH)
|
Batting: LHB Chris Ringwood
|
0-0: Ball 1-0: Called Strike 1-1: Foul Ball, location: 2F 1-2: SINGLE (Groundball, 56D, EV 95.0 MPH)
|
Batting: RHB Tsutomu Irie
|
0-0: Ball 1-0: Ball 2-0: Called Strike 2-1: Foul Ball, location: 2F 2-2: Foul Ball, location: 2F 2-2: Foul Ball, location: 2F 2-2: Strikes out swinging
|
Batting: LHB Bob Branham
|
0-0: Ball 1-0: Ball 2-0: Ball 3-0: DOUBLE (Flyball, 78D, EV 103.1 MPH) Chris Ringwood to third
|
Batting: LHB Lirak Bazhunaishvili
|
0-0: Swinging Strike 0-1: Called Strike 0-2: Ball 1-2: Strikes out swinging
|
Top of the 3rd over - 0 runs, 2 hits, 0 errors, 2 left on base; Los Angeles 2 - San Francisco 1 |
BOTTOM OF THE 3RD |
San Francisco Giants batting - Pitching for Los Angeles Dodgers : RHP Ray Scifo
|
Batting: RHB Jason May
|
0-0: Ball 1-0: Ball 2-0: Called Strike 2-1: Ball 3-1: Foul Ball, location: 2F 3-2: SINGLE (Line Drive, 56, EV 108.1 MPH)
|
Batting: LHB Willis Robles
|
0-0: Called Strike 0-1: Called Strike 0-2: Ball 1-2: Ball 2-2: Ball 3-2: Strikes out swinging
|
Batting: LHB Jack Henningar
|
0-0: Ball Jason May is caught stealing 2nd base 2-6 1-0: Foul Ball, location: 2F 1-1: Ground out 6-3 (Groundball, 4MS, EV 60.0 MPH)
|
Bottom of the 3rd over - 0 runs, 1 hit, 0 errors, 0 left on base; Los Angeles 2 - San Francisco 1 |
TOP OF THE 4TH |
Los Angeles Dodgers batting - Pitching for San Francisco Giants : RHP Curt Howland
|
Batting: RHB Clay Buchanan
|
0-0: Swinging Strike 0-1: Foul Ball, location: 2F 0-2: Ground out 5-3 (Groundball, 56, EV 98.8 MPH)
|
Batting: SHB Carlos Rodriguez
|
0-0: Ball 1-0: Ground out 1-3 (Groundball, P, EV 66.9 MPH)
|
Batting: LHB Ryan Taylor
|
0-0: Swinging Strike 0-1: Foul Ball, location: 2F 0-2: Ball 1-2: Ball 2-2: Ball 3-2: Ground out 4-3 (Groundball, 4M, EV 96.3 MPH)
|
Top of the 4th over - 0 runs, 0 hits, 0 errors, 0 left on base; Los Angeles 2 - San Francisco 1 |
BOTTOM OF THE 4TH |
San Francisco Giants batting - Pitching for Los Angeles Dodgers : RHP Ray Scifo
|
Batting: RHB Sean Zielinski
|
0-0: Fly out, F5 (Popup, 56S, EV 75.6 MPH)
|
Batting: LHB John Blair
|
0-0: Ground out 5-3 (Groundball, 5, EV 98.1 MPH)
|
Batting: RHB Tom Beckman
|
0-0: Ball 1-0: Ball 2-0: Called Strike 2-1: Fly out, F9 (Flyball, 89XD, EV 102.5 MPH)
|
Bottom of the 4th over - 0 runs, 0 hits, 0 errors, 0 left on base; Los Angeles 2 - San Francisco 1 |
TOP OF THE 5TH |
Los Angeles Dodgers batting - Pitching for San Francisco Giants : RHP Curt Howland
|
Batting: LHB Dalton Silveira
|
0-0: Ball 1-0: Called Strike 1-1: Ground out 6-3 (Groundball, 4M, EV 108.8 MPH)
|
Batting: RHB Edwin Soto
|
0-0: Called Strike 0-1: Called Strike 0-2: Strikes out swinging
|
Batting: LHB Chris Ringwood
|
0-0: Called Strike 0-1: Swinging Strike 0-2: Ball 1-2: Ball 2-2: Foul Ball, location: 2F 2-2: Ball 3-2: Foul Ball, location: 2F 3-2: Foul Ball, location: 2F 3-2: Strikes out swinging
|
Top of the 5th over - 0 runs, 0 hits, 0 errors, 0 left on base; Los Angeles 2 - San Francisco 1 |
BOTTOM OF THE 5TH |
San Francisco Giants batting - Pitching for Los Angeles Dodgers : RHP Ray Scifo
|
Batting: LHB Ryan Braden
|
0-0: Ball 1-0: Ball 2-0: Fly out, F8 (Line Drive, 8LM, EV 90.6 MPH)
|
Batting: SHB Bill Dooms
|
0-0: Ball 1-0: Foul Ball, location: 2F 1-1: Ball 2-1: Foul Ball, location: 2F 2-2: Ball 3-2: Base on Balls
|
Batting: RHB Bobby Scholl
|
0-0: Ball 1-0: Ball 2-0: Fly out, F8 (Line Drive, 8LM, EV 92.5 MPH)
|
Batting: RHB Jason May
|
0-0: Ball 1-0: Called Strike 1-1: Ball Bill Dooms steals 2nd base 2-1: Ball 3-1: Swinging Strike 3-2: Base on Balls
|
Batting: LHB Willis Robles
|
0-0: Called Strike 0-1: Fly out, F8 (Flyball, 8LXD, EV 95.0 MPH)
|
Bottom of the 5th over - 0 runs, 0 hits, 0 errors, 2 left on base; Los Angeles 2 - San Francisco 1 |
TOP OF THE 6TH |
Los Angeles Dodgers batting - Pitching for San Francisco Giants : RHP Curt Howland
|
Batting: RHB Tsutomu Irie
|
0-0: Swinging Strike 0-1: Swinging Strike 0-2: Ball 1-2: Strikes out swinging
|
Batting: LHB Bob Branham
|
0-0: Ball 1-0: Fly out, F7 (Flyball, 78M, EV 88.8 MPH)
|
Batting: LHB Lirak Bazhunaishvili
|
0-0: Ball 1-0: Foul Ball, location: 2F 1-1: Foul Ball, location: 2F 1-2: Ball 2-2: Ground out 5-3 (Groundball, 5, EV 95.6 MPH)
|
Top of the 6th over - 0 runs, 0 hits, 0 errors, 0 left on base; Los Angeles 2 - San Francisco 1 |
BOTTOM OF THE 6TH |
San Francisco Giants batting - Pitching for Los Angeles Dodgers : RHP Ray Scifo
|
Batting: LHB Jack Henningar
|
0-0: Ball 1-0: Foul Ball, location: 2F 1-1: Foul Ball, location: 2F 1-2: Foul Ball, location: 2F 1-2: Ground out 6-3 (Groundball, 6, EV 101.3 MPH)
|
Batting: RHB Sean Zielinski
|
0-0: Called Strike 0-1: Foul Ball, location: 2F 0-2: Ball 1-2: SINGLE (Flyball, 8RM, EV 96.3 MPH)
|
Batting: LHB John Blair
|
0-0: Fly out, F7 (Flyball, 7LM, EV 103.1 MPH)
|
Batting: RHB Tom Beckman
|
0-0: Called Strike Sean Zielinski steals 2nd base 0-1: Ball 1-1: Ball 2-1: Ball 3-1: Ground out 6-3 (Groundball, P, EV 95.0 MPH)
|
Bottom of the 6th over - 0 runs, 1 hit, 0 errors, 1 left on base; Los Angeles 2 - San Francisco 1 |
TOP OF THE 7TH |
Los Angeles Dodgers batting - Pitching for San Francisco Giants : RHP Curt Howland
|
Batting: RHB Clay Buchanan
|
0-0: Ball 1-0: Ball 2-0: Fly out, F5 (Popup, 15, EV 70.6 MPH)
|
Pitching: RHP Keith Kidd
|
|
Batting: SHB Carlos Rodriguez
|
0-0: Called Strike 0-1: Swinging Strike 0-2: Strikes out swinging
|
Batting: LHB Ryan Taylor
|
0-0: Called Strike 0-1: Ball 1-1: Swinging Strike 1-2: Strikes out swinging
|
Top of the 7th over - 0 runs, 0 hits, 0 errors, 0 left on base; Los Angeles 2 - San Francisco 1 |
BOTTOM OF THE 7TH |
San Francisco Giants batting - Pitching for Los Angeles Dodgers : RHP Ray Scifo
|
Batting: LHB Ryan Braden
|
0-0: Ball 1-0: SINGLE (Groundball, 23, EV 66.9 MPH) (infield hit)
|
Batting: SHB Bill Dooms
|
0-0: Ball 1-0: Ball 2-0: Foul Ball, location: 2F 2-1: Bunted foul 2-2: Ball 3-2: Base on Balls Ryan Braden to second
|
Pitching: LHP Josh Ramirez
|
|
Batting: RHB Bobby Scholl
|
0-0: Ball 1-0: Called Strike 1-1: Foul Ball, location: 2F 1-2: SINGLE (Flyball, 9LS, EV 96.9 MPH) Ryan Braden to third Bill Dooms to second
|
Batting: RHB Jason May
|
0-0: Ball 1-0: Foul Ball, location: 2F 1-1: Ball 2-1: Called Strike 2-2: Ball 3-2: Foul Ball, location: 2F 3-2: SINGLE (Line Drive, 7LS, EV 103.8 MPH) Ryan Braden scores Bill Dooms to third Bobby Scholl to second Runner from 3rd tries for Home, SAFE, throw by LF to home
|
Pinch Hitting: RHB Nate Hodson
|
0-0: Ball 1-0: Sac Bunt to 3S - play at first, batter OUT! 3-4 Bobby Scholl to third Jason May to second
|
Batting: LHB Jack Henningar
|
0-0: Ball 1-0: Foul Ball, location: 2F 1-1: Called Strike 1-2: Ball 2-2: Ball 3-2: SINGLE (Flyball, 8RS, EV 95.0 MPH) - OUT at second base trying to stretch hit. Bobby Scholl scores Jason May scores
|
Batting: RHB Sean Zielinski
|
0-0: Called Strike 0-1: Ball 1-1: Foul Ball, location: 2F 1-2: Ground out 4-3 (Groundball, 4, EV 84.4 MPH)
|
Bottom of the 7th over - 4 runs, 4 hits, 0 errors, 0 left on base; Los Angeles 2 - San Francisco 5 |
TOP OF THE 8TH |
Los Angeles Dodgers batting - Pitching for San Francisco Giants : RHP Keith Kidd
|
Now in CF: Nick Rigden
|
|
Batting: LHB Dalton Silveira
|
0-0: Ball 1-0: Called Strike 1-1: Ground out U3 (Groundball, 3, EV 105.0 MPH)
|
Batting: RHB Edwin Soto
|
0-0: Called Strike 0-1: Swinging Strike 0-2: Strikes out swinging
|
Batting: LHB Chris Ringwood
|
0-0: Ball 1-0: Ball 2-0: Foul Ball, location: 2F 2-1: Foul Ball, location: 2F 2-2: Strikes out swinging
|
Top of the 8th over - 0 runs, 0 hits, 0 errors, 0 left on base; Los Angeles 2 - San Francisco 5 |
BOTTOM OF THE 8TH |
San Francisco Giants batting - Pitching for Los Angeles Dodgers : LHP Josh Ramirez
|
Batting: LHB John Blair
|
0-0: Called Strike 0-1: Ball 1-1: Foul Ball, location: 2F 1-2: Foul Ball, location: 2F 1-2: Foul Ball, location: 2F 1-2: Ground out 1-3 (Groundball, 13S, EV 63.8 MPH)
|
Batting: RHB Tom Beckman
|
0-0: Called Strike 0-1: Foul Ball, location: 2F 0-2: Ball 1-2: Foul Ball, location: 2F 1-2: Ball 2-2: Ball 3-2: Foul Ball, location: 2F 3-2: Base on Balls
|
Batting: LHB Ryan Braden
|
0-0: Ball 1-0: Called Strike 1-1: Fielders Choice at 2nd, 3-6 (Groundball, 34S, EV 86.3 MPH)
|
Batting: SHB Bill Dooms
|
0-0: Ball 1-0: Foul Ball, location: 2F 1-1: Fielders Choice at 2nd, 6-4 (Groundball, 6, EV 103.1 MPH)
|
Bottom of the 8th over - 0 runs, 0 hits, 0 errors, 1 left on base; Los Angeles 2 - San Francisco 5 |
|